 Dungeon Crawl Stone Soup version 0.28.0-53-g5a82cb258f (webtiles) character file.

Game seed: 11376296433583581731

79 DocClef the Chopper (level 4, 0/33 HPs)
             Began as a Demonspawn Gladiator on July 6, 2022.
             Slain by a gnoll
             ... wielding a +0 spear
              (1 damage)
             ... on level 2 of the Dungeon.
             The game lasted 00:01:34 (2277 turns).

DocClef the Chopper (Demonspawn Gladiator)          Turns: 2277, Time: 00:01:35

Health: 0/33       AC:  4    Str: 16    XL:     4   Next: 16%
Magic:  4/4        EV: 12    Int:  9    God:
Gold:   78         SH:  0    Dex: 15    Spells: 3/3 levels left

rFire   . . .      SeeInvis .   a - +0 war axe
rCold   . . .      Faith    .   (no shield)
rNeg    . . .      Spirit   .   b - +0 leather armour
rPois   .          Reflect  .   c - +0 helmet
rElec   .          Harm     .   (no cloak)
rCorr   .          Rampage  .   (no gloves)
Will    .....                   (no boots)
Stlth   +.........              (no amulet)
HPRegen 0.11/turn               (no ring)
MPRegen 0.09/turn               (no ring)

@: no status effects
A: hooves 1, powered by pain 1
a: no special abilities


You were on level 2 of the Dungeon.
You visited 1 branch of the dungeon, and saw 3 of its levels.

You collected 78 gold pieces.

Inventory:

Hand Weapons
 a - a +0 war axe (weapon)
Missiles
 d - 3 throwing nets (quivered)
Armour
 b - a +0 leather armour (worn)
 c - a +0 helmet (worn)
Scrolls
 e - a scroll of teleportation {unknown}
 g - a scroll of magic mapping {unknown}
 i - a scroll of fear {unknown}
 k - a scroll of blinking {unknown}
 l - 2 scrolls of enchant armour {unknown}
 m - a scroll of fog {unknown}
Potions
 f - a potion of heal wounds {unknown}
 h - 3 potions of curing {unknown}
 j - a potion of degeneration {unknown}


   Skills:
 - Level 2.0 Fighting
 + Level 4.6 Axes
 - Level 1.7 Throwing
 - Level 2.6 Dodging


You had 3 spell levels left.
You didn't know any spells.
Your spell library was empty.

Dungeon Overview and Level Annotations

Branches:
Dungeon (3/15)

Altars:

Shops:
D:1 (


Innate Abilities, Weirdness & Mutations

You have large cloven feet.
You sometimes gain a little power by taking damage.


Message History

The gnoll is severely wounded.
A gnoll comes into view. It is wielding a +0 spear.
The gnoll misses you.
The gnoll moves out of view.
You slash the gnoll!
You kill the gnoll!
The gnoll closely misses you. The gnoll hits you but does no damage.
You climb upwards.
There is a stone staircase leading down here.
You start resting.
HP restored.
You climb downwards.
The gnoll misses you. The gnoll closely misses you. The gnoll misses you.
There is a stone staircase leading up here.
You barely miss the gnoll.
The gnoll shouts!
You kick the gnoll.
The gnoll is moderately wounded.
The gnoll completely misses you.
The gnoll hits you from afar with a +0 halberd!
The gnoll hits you with a +0 spear.
The gnoll hits you from afar with a +0 halberd.
The gnoll barely misses you.
You climb upwards.
There is a stone staircase leading down here.
You hit the gnoll. Your kick misses the gnoll.
The gnoll is severely wounded.
The gnoll hits you with a +0 spear!
* * * LOW HITPOINT WARNING * * *
You are too injured to fight recklessly!
You barely miss the gnoll. You kick the gnoll.
The gnoll is almost dead.
The gnoll hits you with a +0 spear.
* * * LOW HITPOINT WARNING * * *
You completely miss the gnoll.
The gnoll is almost dead.
The gnoll hits you with a +0 spear!
* * * LOW HITPOINT WARNING * * *
The gnoll hits you with a +0 spear.
You die...

#### #.##.#.#######.#.##### ...#
#.##.#.# ##......... ...#
#.#....#####.....##### ...#####
#..)#......##...## .......#
#...#...##.###.## # #.#.##.#
#.#####.##.# #.# # #......#
#...#...##.# #.# # ###.#..#
###.#.#.##.###'## #.#..#
#.g@.....##...## ###.#..#
#####.####.....## .......#
##.##.###.......##
...##.########...#.##.........###
....................'.....(...'..
...##.########...#.##.........###
#.###.# #######.##.###.......##
#####.# #........#.# ##.....##
##.##.# #.######.#.# ##...##


You could see a gnoll.

Vanquished Creatures
  2 gnolls (D:3)
  3 adders (D:2)
  3 endoplasms
  2 giant cockroaches
  A goblin (D:2)
  5 hobgoblins
  3 jackals (D:2)
  2 quokkas (D:2)
  A ball python (D:2)
  3 bats (D:2)
  3 frilled lizards
  2 kobolds
  3 rats
33 creatures vanquished.

Notes
Turn   | Place    | Note
-------+----------+-------------------------------------------
     0 | D:1      | DocClef the Demonspawn Gladiator began the quest for the
                  | Orb.
     0 | D:1      | Reached XP level 1. HP: 16/16 MP: 1/1
   300 | D:1      | Reached skill level 3 in Axes
   534 | D:1      | Found Berimurph's Weapon Shoppe.
   814 | D:2      | Gained mutation: You have large cloven feet. [demonic
                  | ancestry]
   814 | D:2      | Reached XP level 2. HP: 22/22 MP: 2/2
  1381 | D:2      | Reached XP level 3. HP: 17/27 MP: 3/3
  1591 | D:2      | Reached skill level 4 in Axes
  1872 | D:2      | Found a faded altar of an unknown god.
  2135 | D:3      | Gained mutation: You sometimes gain a little power by
                  | taking damage. [demonic ancestry]
  2135 | D:3      | Reached XP level 4. HP: 18/33 MP: 4/4
  2277 | D:2      | HP: 1/33 [gnoll/+0 spear (7)]
  2277 | D:2      | Slain by a gnoll

Illustrated notes

Levels and vault maps discovered:
D:1:      lightli_arrival_quake, layout_rooms, serial_forest,
          infiniplex_forest_clump_diagonal, infiniplex_forest_end_2,
          infiniplex_forest_corner_1, infiniplex_forest_lined_2,
          infiniplex_forest_end_3, infiniplex_forest_end_2,
          infiniplex_forest_clump_tiny, infiniplex_forest_3_way,
          infiniplex_forest_clump_long, infiniplex_forest_lined_2, serial_shops,
          shop
D:2:      layout_loops_corners, shapermc_ecumenical_altar_mp_highgroup,
          supply_closet_lemuel
D:3:      layout_basic, gammafunk_ghost_stat_death

Skill      XL: |  1  2  3 |
---------------+----------+-----
Axes           | 3 4 |  4.6
Fighting       | |  2.0
Throwing       | |  1.7
Dodging        | |  2.6

Action                   |  1- 3 |  4- 6 || total
-------------------------+-------+-------++-------
Melee: War axe           |    93 |     6 ||    99
       Kick              |    15 |     2 ||    17
       Punch             |     1 |       ||     1
 Stab: Sleeping          |     2 |       ||     2
Armor: Leather armour    |    35 |     1 ||    36
Dodge: Dodged            |    63 |     7 ||    70
